 Dungeon Crawl Stone Soup version 0.17-a0-1378-g281efdd (webtiles) character file.

298 Steifyn the Ducker (level 6, 0/61 HPs)
             Began as a Troll Berserker on June 14, 2015.
             Was a Believer of Trog.
             Slain by a scorpion (2 damage)
             ... on level 5 of the Dungeon.
             The game lasted 00:14:57 (1553 turns).

Steifyn the Ducker (Troll Berserker)                Turns: 1553, Time: 00:15:00

Health: 0/61       AC: -4    Str: 28    XL:     6   Next: 13%
Magic:  5/5        EV: 11    Int:  3    God:    Trog [**....]
Gold:   110        SH:  0    Dex:  9    Spells: 0 memorised, 5 levels left

rFire  . . .     SeeInvis .     a - +2 mace
rCold  . . .     Clarity  .     b - +1 animal skin
rNeg   + . .     SustAt   .     (no shield)
rPois  .         Gourm    +     (helmet restricted)
rElec  .         Spirit   .     (no cloak)
rCorr  .         Warding  .     (gloves unavailable)
rMut   .         Stasis   .     (boots unavailable)
MR     ++...                    (no amulet)
Stlth  +.........               (no ring)
                                j - ring of positive energy

@: lethally poisoned (0 -> -1), corroded equipment, regenerating, very resistant
to hostile enchantments, very unstealthy
A: unfitting armour, claws 3, fast metabolism 3, gourmand, regeneration 2,
shaggy fur 1, tough skin 2
a: Burn Spellbooks, Berserk, Trog's Hand, Renounce Religion


You were on level 5 of the Dungeon.
You worshipped Trog.
Trog was pleased with you.
You were hungry.

You visited 1 branch of the dungeon, and saw 5 of its levels.

You collected 110 gold pieces.

Inventory:

Hand weapons
 a - a +2 mace (weapon)
Armour
 b - a +1 animal skin (worn)
Jewellery
 j - a ring of positive energy (left claw)
Magical devices
 f - a wand of random effects (27)
Scrolls
 h - a scroll of noise
 m - a scroll of identify
Potions
 e - 2 potions of might
 k - 3 potions of haste
 l - 2 potions of curing
Comestibles
 c - 3 bread rations
 d - 2 fruits
 g - 5 chunks of flesh
 i - 3 meat rations


   Skills:
 + Level 3.4 Fighting
 + Level 3.3 Maces & Flails
 + Level 4.7 Dodging
 + Level 0.3 Stealth


You had 5 spell levels left.
You didn't know any spells.

Dungeon Overview and Level Annotations

Branches:
Dungeon (5/15)
 Temple: D:4-7

Altars:


Innate Abilities, Weirdness & Mutations

You are too large for most types of armour.
You have claws for hands.
Your metabolism is lightning-fast.
You like to eat raw meat.
You heal very quickly.
You are covered in fur (AC +1).
You have very tough skin (AC +2).


Message History

The giant frog skeleton closely misses you.
The jelly hits you.
You are splashed with acid!
The acid corrodes you!
The acid burns!
The scorpion stings you.
You are poisoned.
The scorpion poisons you! The giant frog skeleton hits you.
You thump the jelly!
Your claws burn!
The jelly is heavily wounded.
You feel sick.
The giant frog skeleton barely misses you.
The jelly hits you.
You are splashed with acid!
The acid burns!
* * * LOW HITPOINT WARNING * * *
The scorpion stings you!
* * * LOW HITPOINT WARNING * * *
Use which ability? (? or * to list)
Your skin crawls.
You feel resistant to hostile enchantments.
You feel slightly more hungry. The giant frog skeleton hits you!
* * * LOW HITPOINT WARNING * * *
The jelly closely misses you. The scorpion stings you.
You die...

)......###.#
#.#....##.#
#....#.##.########
#.#..............#
#.....###.#####..#
#..........###.# #
#............#.#.# #
#.#####.##.......#
##.#@#####..........#
#..ZJs..##.####.#.#.#
#...!......#.#.
#.#.#.# #..#........#
# #.#.#.#
#.......<..## ..... #
#>#........# #.#.#
#.#<........# #.#.# #
#.......##.#
##.#.##.# .#


You could see a scorpion, a jelly and a giant frog skeleton.

Vanquished Creatures
  The ghost of asdu the Cudgeler, an average OgHu (D:3)
  A phantom (D:4)
  A scorpion (D:5)
  An adder (D:4)
  A worm (D:2)
  4 giant geckos
  A ball python (D:4)
  A bat skeleton (D:4)
  5 goblins
  6 hobgoblins
  4 jackals (D:2)
  2 quokkas
  8 bats
  2 giant newts (D:2)
  9 kobolds
  4 rats
51 creatures vanquished.

Notes
Turn   | Place    | Note
--------------------------------------------------------------
     0 | D:1      | Steifyn the Troll Berserker began the quest for the Orb.
     0 | D:1      | Reached XP level 1. HP: 22/22 MP: 0/0
   174 | D:1      | Reached XP level 2. HP: 29/29 MP: 1/1
   536 | D:2      | Acquired Trog's second power
   658 | D:2      | Reached skill level 3 in Dodging
   713 | D:2      | Reached XP level 3. HP: 36/36 MP: 2/2
   873 | D:3      | Noticed asdu's ghost (average OgHu)
   896 | D:3      | Killed asdu's ghost
   896 | D:3      | Reached skill level 4 in Dodging
   896 | D:3      | Reached XP level 4. HP: 6/45 MP: 3/3
  1216 | D:4      | Noticed a phantom
  1248 | D:4      | Killed a phantom
  1248 | D:4      | Reached XP level 5. HP: 17/53 MP: 4/4
  1513 | D:5      | Entered Level 5 of the Dungeon
  1529 | D:5      | Reached XP level 6. HP: 52/61 MP: 5/5
  1553 | D:5      | HP: 2/61 [giant frog skeleton (7)]
  1553 | D:5      | Slain by a scorpion

Vault maps used:
D:1:      dpeg_arrival_orchard, kennysheep_doodads, minmay_box_of_dots
D:3:      corexii_shack_village, ecumenical_altar_1, uniq_grinder
D:4:      temple_doors_a, uniq_duvessa
D:5:      first_bread

Action                   |  1- 3 |  4- 6 || total
-------------------------+-------+-------++-------
Melee: Mace              |   109 |    68 ||   177
Invok: Berserk           |     1 |       ||     1
       Trog's Hand       |       |     1 ||     1
Evoke: Wand              |       |     2 ||     2
  Use: Scroll            |     5 |     3 ||     8
       Potion            |     4 |     1 ||     5
  Eat: Chunk             |     8 |     3 ||    11
       Beef jerky        |       |     1 ||     1
